Map: Catalyst LE

Players

Juxtapose - Winner!

  • Race: Protoss Protoss
  • League: Platinum
  • Spawn Location: 11:00

A.I. 1 (Hard)

  • Race: Zerg Zerg
  • Spawn Location: 5:00

VOD

https://youtu.be/GodLnwynbj4

Description

While the difficulty progress bar for a loss is staggering with this bug, an increase for a win appears to be minuscule. So basically, advancing until the bug is fixed, at least once you get to Very Hard, should be a bit challenging.

In this match, remember how foolishly passive I was in my last Protoss versus AI Zerg, I played far more aggressively.

Time

  • Played on: Feb. 26, 2018, 7:58 p.m.
  • Length: 10:43
Show
View Real Time Build Order
Export as new Build Order

Juxtapose Protoss - Winner!

Build Orders: Oracle Opening, Zealot Archon 

Get SALT Encoding   

  12  0:01  Probe  
  13  0:13  Probe  
  14  0:20  Pylon  
  14  0:25  Probe  
  15  0:38  Probe  
  15  0:41  Gateway  
  16  0:50  Probe  
  16  0:53  Assimilator  
  17  0:59  Pylon  
  17  1:02  Probe  
  18  1:09  Assimilator  
  18  1:14  Probe  
  19  1:26  Probe  
  20  1:38  Probe  
  21  1:40  Cybernetics Core  
  21  1:43  Zealot  
  23  1:50  Pylon  
  23  1:51  Probe  
  24  2:03  Probe  
  25  2:17  Stargate  
  25  2:28  Warp Gate (Chrono Boost)  
  25  2:30  Probe  
  26  2:44  Nexus  
  26  2:52  Shield Battery  
  26  2:58  Oracle (Chrono Boost)  
  29  3:20  Adept  
  31  3:27  Pylon  
  31  3:34  Gateway  
  31  3:45  Probe  
  32  3:54  Forge  
  32  3:57  Probe x2  
  34  4:09  Probe x2  
  36  4:38  Probe x2  
  38  4:50  Twilight Council, Probe x2  
  38  4:51  Pylon  
  38  4:52  Protoss Ground Weapons Level 1 (Chrono Boost)  
  40  4:53  Pylon  
  40  4:56  Pylon  
  40  4:59  Assimilator  
  40  5:00  Stalker  
  40  5:01  Assimilator  
  40  5:02  Probe x2  
  44  5:14  Probe x2  
  44  5:15  Shield Battery  
  46  5:21  Stalker  
  46  5:23  Charge (Chrono Boost)  
  46  5:26  Probe x2  
  50  5:38  Probe x2  
  52  5:50  Probe x2  
  52  5:51  Gateway  
  52  5:55  Pylon  
  54  5:59  Gateway  
  54  6:02  Probe, Zealot  
  54  6:03  Probe, Zealot  
  60  6:10  Robotics Facility  
  60  6:35  Templar Archives  
  60  6:39  Protoss Ground Armor Level 1 (Chrono Boost), Stalker x2  
  64  7:00  Psionic Storm  
  61  7:03  Zealot x2  
  61  7:05  Immortal (Chrono Boost)  
  69  7:26  High Templar  
  69  7:27  Nexus, High Templar, Shield Battery  
  73  7:31  Archon  
  73  7:34  Immortal (Chrono Boost)  
  77  7:41  High Templar x2  
  81  7:48  Archon  
  81  8:02  Zealot  
  81  8:03  Zealot, Pylon  
  85  8:07  Immortal (Chrono Boost), Pylon  
  85  8:09  Gateway  
  85  8:10  Gateway  
  89  8:22  High Templar x2  
  89  8:25  Protoss Ground Weapons Level 2 (Chrono Boost)  
  93  8:37  Stalker, Zealot  
  98  8:41  Warp Prism (Chrono Boost), Probe x2  
  101  8:51  Probe  
  101  8:53  Probe  
  101  8:55  High Templar x2  
  107  9:04  Assimilator  
  107  9:09  Assimilator  
  97  9:21  Zealot x2  
  101  9:25  Immortal  
  101  9:31  Archon  
  93  9:52  High Templar x2, Zealot  
  95  9:53  Zealot  
  95  9:58  Archon  
  99  10:06  Probe x3  
  106  10:18  Probe  
  105  10:26  Stalker  
  105  10:27  High Templar, Stalker  
  105  10:28  High Templar, Zealot  
Show
View Real Time Build Order
Export as new Build Order

A.I. 1 (Hard) Zerg 

Build Orders: Hatch First 

Get SALT Encoding   

  12  0:01  Drone  
  13  0:12  Overlord  
  13  0:17  Drone  
  14  0:31  Drone  
  14  0:32  Drone  
  14  0:34  Drone  
  17  0:55  Drone, Hatchery  
  17  1:12  Drone, Spawning Pool  
  17  1:16  Drone  
  17  1:18  Extractor  
  17  1:21  Drone  
  18  1:28  Overlord  
  18  1:38  Drone  
  19  1:59  Queen  
  19  2:00  Zergling x4  
  23  2:02  Roach Warren  
  23  2:06  Drone  
  23  2:07  Extractor  
  22  2:11  Drone  
  23  2:24  Drone  
  24  2:34  Drone  
  25  2:38  Overlord  
  25  2:43  Roach  
  27  2:54  Drone  
  27  2:56  Roach  
  27  2:58  Drone  
  31  2:59  Drone  
  31  3:04  Drone  
  33  3:08  Roach, Lair  
  35  3:20  Ravager, Overlord  
  36  3:33  Drone  
  36  3:34  Extractor  
  36  3:35  Roach  
  36  3:37  Drone  
  39  3:44  Evolution Chamber  
  39  3:45  Drone  
  39  3:50  Evolution Chamber  
  39  3:52  Drone  
  39  3:56  Roach  
  41  4:09  Hydralisk Den, Roach  
  42  4:13  Overlord  
  42  4:16  Queen  
  39  4:21  Roach  
  39  4:28  Drone  
  36  4:32  Drone  
  36  4:38  Drone  
  36  4:39  Hydralisk  
  36  4:43  Drone  
  39  4:49  Drone  
  40  4:55  Drone  
  42  5:00  Drone  
  42  5:04  Drone  
  43  5:08  Drone  
  43  5:12  Drone  
  45  5:15  Drone  
  46  5:22  Hydralisk  
  48  5:32  Drone  
  48  5:34  Hydralisk  
  48  5:35  Drone  
  52  5:39  Drone  
  52  5:41  Drone  
  54  5:47  Overlord  
  54  5:51  Drone  
  54  5:53  Drone  
  54  5:56  Drone  
  57  5:59  Drone  
  57  6:01  Drone  
  60  6:04  Drone  
  60  6:06  Drone  
  60  6:11  Overlord  
  61  6:13  Drone  
  61  6:16  Drone  
  63  6:21  Zerg Melee Weapons Level 1  
  63  6:24  Drone  
  64  6:27  Drone  
  64  6:28  Drone  
  64  6:30  Drone  
  64  6:31  Drone  
  68  6:34  Overlord  
  68  6:39  Drone  
  69  6:42  Zerg Ground Armor Level 1  
  69  6:45  Drone  
  70  6:50  Drone  
  70  6:53  Burrow  
  71  6:56  Drone  
  71  6:58  Drone  
  71  6:59  Roach, Overlord  
  74  7:02  Drone  
  74  7:07  Drone  
  76  7:13  Roach  
  78  7:20  Overlord  
  78  7:25  Roach  
  78  7:28  Overseer  
  78  7:29  Overseer  
  80  7:36  Baneling Nest  
  81  7:37  Roach, Spore Crawler  
  81  7:38  Drone  
  81  7:39  Spore Crawler  
  81  7:41  Overlord  
  81  7:43  Drone  
  81  7:47  Spore Crawler  
  81  7:48  Drone  
  81  7:49  Roach, Spore Crawler  
  81  7:50  Drone  
  83  7:53  Queen  
  85  8:01  Roach  
  85  8:03  Spine Crawler, Queen  
  88  8:07  Spine Crawler  
  88  8:08  Drone  
  88  8:11  Infestation Pit  
  88  8:12  Drone  
  88  8:13  Hydralisk  
  88  8:16  Drone, Spine Crawler, Zerg Missile Weapons Level 1  
  90  8:21  Spine Crawler  
  90  8:22  Drone  
  90  8:25  Hydralisk  
  92  8:28  Drone, Spire  
  92  8:37  Hydralisk  
  94  8:58  Pneumatized Carapace, Zergling x2, Overlord  
  94  8:59  Overseer  
  94  9:01  Zergling x2  
  96  9:04  Zergling x2  
  96  9:07  Zergling x2  
  96  9:09  Hatchery  
  88  9:10  Zergling x2  
  88  9:13  Zergling x2  
  88  9:16  Zergling x2  
  60  9:17  Overseer  
  60  9:19  Zergling x2  
  60  9:22  Zergling x2  
  60  9:24  Drone x2  
  57  9:25  Zergling x2  
  57  9:26  Drone  
  57  9:28  Zergling x2  
  55  9:31  Hydralisk  
  55  9:33  Queen  
  50  9:39  Baneling x2  
  50  9:41  Mutalisk  
  50  9:44  Mutalisk  
  48  9:47  Mutalisk  
  45  9:53  Zergling x2  
  45  9:59  Overseer  
  42  10:03  Zergling x2  
  43  10:12  Zergling x2  
  41  10:15  Zergling x2  
  41  10:18  Zergling x2  
  41  10:20  Overseer  
  38  10:22  Drone x2  
  38  10:23  Drone  
  38  10:25  Drone, Zergling x2  
  23  10:38  Baneling Nest  
Tags
 
Add a new tag
Caveats
  • Supply blocks, unpowered buildings, or Contaminate may cause inaccurate times.
  • Supply counts are checked every 10 seconds.